 Dungeon Crawl Stone Soup version 0.24.0-37-gcf1ca852f1 (webtiles) character file.

Game seed: 13083600862218137102, levelgen mode: deterministic

19 Descartes the Ducker (level 2, 0/14 HPs)
             Began as a Felid Monk on Nov 23, 2019.
             Slain by a frilled lizard (1 damage)
             ... on level 1 of the Dungeon.
             The game lasted 00:00:58 (895 turns).

Descartes the Ducker (Felid Monk)                    Turns: 895, Time: 00:00:59

Health: 0/14       AC:  1    Str:  7    XL:     2   Next: 55%
Magic:  3/3        EV: 20    Int: 11    God:
Gold:   25         SH:  0    Dex: 18    Spells: 1/1 levels left
                                        Lives:  0   Deaths: 0

rFire    . . .     SeeInvis +     - Unarmed
rCold    . . .     Gourm    .   (shield unavailable)
rNeg     . . .     Faith    .   (armour unavailable)
rPois    .         Spirit   .   (helmet unavailable)
rElec    .         Reflect  .   (cloak unavailable)
rCorr    .         Harm     .   (gloves unavailable)
MR       .....                  (boots unavailable)
Stlth    +++.......             (no amulet)
HPRegen  0.04/turn              (no ring)
MPRegen  0.08/turn              (no ring)

@: quick
A: very small, no armour, no weapons or thrown items, stealth, claws 1, fangs 3,
see invisible, carnivore, speed 1, shaggy fur 1, slow metabolism 1, sharp paws
a: no special abilities


You were on level 1 of the Dungeon.
You were completely stuffed.

You visited 1 branch of the dungeon, and saw 1 of its levels.

You collected 25 gold pieces.

Inventory:

Missiles
 c - 29 arrows
 e - 13 stones
Potions
 b - a potion of curing {unknown}
 d - a potion of ambrosia {unknown}
Comestibles
 a - a ration
 f - 6 chunks of flesh


   Skills:
 + Level 3.1 Fighting
 + Level 4.2 Dodging
 * Level 3.3 Stealth
 * Level 3.3 Unarmed Combat


You had one spell level left.
You didn't know any spells.
Your spell library was empty.

Dungeon Overview and Level Annotations

Branches:
Dungeon (1/15)

Altars:


Innate Abilities, Weirdness & Mutations

You cannot wear armour.
You are incapable of wielding weapons or throwing items.
Your paws allow you to move quietly. (Stealth)
You have sharp claws.
You have razor-sharp teeth.
You have supernaturally acute eyesight. (SInv)
You are carnivorous and can eat meat at any time.
You cover ground quickly.
You are covered in fur. (AC +1)
You have a slow metabolism.
Your sharp claws are effective at attacking unaware monsters.


Message History

You are too injured to fight recklessly!
You see here a scroll labeled GIRGHO SUMEATY.
The hobgoblin misses you.
Found a dark potion.
You are too injured to fight recklessly!
You are too injured to fight recklessly!
You are too injured to fight recklessly!
Unknown command.
You claw the hobgoblin!
You kill the hobgoblin!
The leopard gecko barely misses you.
You closely miss the leopard gecko. The frilled lizard barely misses you.
The leopard gecko closely misses you.
You barely miss the leopard gecko. The frilled lizard bites you.
The leopard gecko bites you.
* * * LOW HITPOINT WARNING * * *
You claw the leopard gecko!
You kill the leopard gecko!
The frilled lizard bites you.
You die...

######################.####
#####..............#.#...
?......÷...#######.#.....
#####.#....# #.#.#..#
.....#....# #.#.##..
#)#.#....# #.#.##.#
#...#....# #.#.##..
#)#?#..### #.#....#
#..†.l@?# #.####..
#.#####.# #.# #.# .....!..#
#.# ##.. #####.### #.# #..#
#. #.# #... # #.###.##
#....... ######## .....


You could see a frilled lizard.

Vanquished Creatures
  2 leopard geckos (D:1)
  2 ball pythons (D:1)
  2 goblins (D:1)
  4 hobgoblins (D:1)
  A bat (D:1)
  2 frilled lizards (D:1)
  A kobold (D:1)
  3 rats (D:1)
17 creatures vanquished.

Notes
Turn   | Place    | Note
-------+----------+-------------------------------------------
     0 | D:1      | Descartes the Felid Monk began the quest for the Orb.
     0 | D:1      | Reached XP level 1. HP: 10/10 MP: 2/2
   646 | D:1      | Reached XP level 2. HP: 14/14 MP: 3/3
   895 | D:1      | Slain by a frilled lizard

Levels and vault maps discovered:
D:1:      mrwooster_arrival_arrow, layout_basic, minmay_misc_feat_pillars,
          minmay_pentomino_o4

Skill      XL: |  1 |
---------------+----+-----
Stealth        | 3 |  3.3
Fighting       | |  3.1
Dodging        | |  4.2
Unarmed Combat | |  3.3

Action                   || total
-------------------------++-------
Melee: Unarmed           ||    36
       Bite              ||     2
       Punch             ||     1
 Stab: Sleeping          ||     3
  Eat: Chunk             ||     7
Armor: Skin              ||     2
Dodge: Dodged            ||    25
